 Dungeon Crawl Stone Soup version 0.29.1-1-gd02db6906a (webtiles) character file.

Game seed: 12070725578662920502

506 YamCider the Trooper (level 6, -14/57 HPs)
             Began as a Minotaur Fighter on Sept 27, 2022.
             Was a Believer of Zin.
             Killed by an exploding Edmund (37 damage)
             ... ignited by their inner flame
             ... on level 3 of the Dungeon.
             The game lasted 00:52:05 (4822 turns).

YamCider the Trooper (Minotaur Fighter)             Turns: 4822, Time: 00:52:09

Health: -14/57     AC: 17    Str: 23    XL:     6   Next: 97%
Magic:  5/5        EV:  6    Int:  5    God:    Zin [**....]
Gold:   159        SH:  4    Dex:  9    Spells: 5/5 levels left

rFire   . . .      SeeInvis .   a - +1 long sword (spect)
rCold   . . .      Faith    .   c - +0 buckler
rNeg    . . .      Spirit   .   l - +0 plate armour
rPois   .          Reflect  .   (helmet restricted)
rElec   .          Harm     .   (no cloak)
rCorr   .          Rampage  .   (no gloves)
Will    .....                   n - +0 pair of boots
Stlth   ..........              (no amulet)
HPRegen 0.19/turn               q - +4 ring of protection
MPRegen 0.09/turn               (no ring)

@: no status effects
A: horns 2, retaliatory headbutt
a: Renounce Religion, Recite, Vitalisation, Donate Gold


You were on level 3 of the Dungeon.
You worshipped Zin.
Zin was pleased with you.
You visited 1 branch of the dungeon, and saw 4 of its levels.

You collected 176 gold pieces.
You donated 17 gold pieces to Zin.

Inventory:

Hand Weapons
 a - a +1 spectral long sword (weapon)
Missiles
 f - 3 javelins (quivered)
 o - 8 poisoned darts
Armour
 c - a +0 buckler (worn)
 l - a +0 plate armour (worn)
 n - a +0 pair of boots (worn)
Magical Staves
 j - a staff of poison
Jewellery
 q - a +4 ring of protection (left hand)
Scrolls
 e - 7 scrolls of identify
 g - 3 scrolls of fog
 i - a scroll of teleportation
 k - a scroll of immolation
Potions
 b - a potion of haste {unknown}
 d - a potion of might
 h - a potion of degeneration {unknown}
 m - 2 potions of flight
 p - a potion of attraction {unknown}
 r - a potion of cancellation {unknown}


   Skills:
 + Level 5.9 Fighting
 + Level 4.9 Long Blades
 + Level 2.9 Throwing
 + Level 5.5 Armour
 - Level 4.0 Shields


You had 5 spell levels left.
You didn't know any spells.
Your spell library contained the following spells:

 Spells                   Type           Power      Damage    Failure   Level
 Shock                    Conj/Air       0%         1d3       100%        1
 Swiftness                Air            0%         N/A       100%        3
 Airstrike                Air            0%         2d(0-16)  100%        4


Dungeon Overview and Level Annotations

Branches:
Dungeon (4/15)
 Temple: D:4-7

Altars:
Trog
Zin


Innate Abilities, Weirdness & Mutations

You have a pair of horns on your head.
You reflexively headbutt those who attack you in melee.


Message History

Edmund hits you with a +7 dire flail of protection!
You hit Edmund but do no damage.
Edmund is moderately wounded.
Edmund hits you but does no damage.
You barely miss Edmund. You headbutt Edmund!
Edmund is heavily wounded.
Edmund hits you but does no damage. You block Edmund's attack.
You hit Edmund.
Edmund is heavily wounded.
You block Edmund's attack.
You closely miss Edmund.
Edmund is heavily wounded.
Edmund hits you with a +7 dire flail of protection.
You barely miss Edmund.
Edmund is heavily wounded.
Edmund hits you with a +7 dire flail of protection!
You closely miss Edmund.
Edmund is heavily wounded.
Edmund hits you but does no damage.
You barely miss Edmund. Your headbutt misses Edmund.
Edmund is heavily wounded.
Edmund hits you but does no damage.
Really read the scroll of immolation?
Uppercase [Y]es or [N]o only, please.
Really read the scroll of immolation?
As you read the scroll of immolation, it crumbles to dust.
The creatures around you are filled with an inner flame!
You block Edmund's attack.
You hit Edmund.
Flame seeps out of Edmund.
Edmund is heavily wounded.
Edmund is engulfed in blazing flames.
Flame seeps out of Edmund.
Edmund hits you with a +7 dire flail of protection.
You hit Edmund but do no damage.
Flame seeps out of Edmund.
You headbutt Edmund.
Edmund is almost dead.
Edmund is engulfed in blazing flames.
Edmund explodes!
The fiery explosion engulfs you!!!
Ouch! That really hurt!
You die...

........##.##...w###....#
.....).....##...##y##...#
..#.#....#.##....###....#
###.##.#.#.###...rw....##
#.#.##.#...###...._....#
..#.##.#####.##..)..))##
..#..........###*,,,*###
..#....##......#######.#
..#.......#.....@°§....#
..#########.##########.#
.......................#
###########.############
#...# #.# #.#.# #.# #.#[#
#.# #.#.# #.# #.#.#
#.###########


There were no monsters in sight!

Vanquished Creatures
  Edmund (D:3)
  A kobold brigand (D:4)
  2 phantoms (D:4)
  An orc priest (D:3)
  A centaur skeleton (D:4)
  2 hound zombies (D:4)
  Robin (D:2)
  3 gnolls (D:4)
  4 adders
  An adder zombie (D:4)
  An adder skeleton (D:4)
  2 worms
  3 dart slugs
  8 orcs (D:3)
  7 endoplasms
  4 giant cockroaches
  13 goblins
  14 hobgoblins
  2 jackals (D:1)
  9 kobolds
  A quokka (D:2)
  6 ball pythons
  5 bats
  5 frilled lizards
  A jackal skeleton (D:4)
  4 rats
102 creatures vanquished.

Vanquished Creatures (others)
  4 toadstools (D:1)
4 creatures vanquished.

Grand Total: 106 creatures vanquished

Notes
Turn   | Place    | Note
-------+----------+-------------------------------------------
     0 | D:1      | YamCider the Minotaur Fighter began the quest for the Orb.
     0 | D:1      | Reached XP level 1. HP: 19/19 MP: 0/0
   360 | D:1      | Reached XP level 2. HP: 20/27 MP: 1/1
   805 | D:1      | Reached XP level 3. HP: 30/33 MP: 2/2
   946 | D:1      | Found a faded altar of an unknown god.
  1907 | D:2      | Found a glowing silver altar of Zin.
  1913 | D:2      | Became a worshipper of Zin the Law-Giver
  1965 | D:2      | Noticed Robin
  2002 | D:2      | Killed Robin
  2003 | D:2      | Reached XP level 4. HP: 25/41 MP: 3/3
  2567 | D:3      | Reached skill level 1 in Throwing
  2584 | D:3      | Reached * piety under Zin
  3025 | D:3      | HP: 2/41 [orc priest/divine providence (13)]
  3357 | D:3      | Reached XP level 5. HP: 47/47 MP: 4/4
  3451 | D:3      | Reached skill level 5 in Fighting
  3936 | D:3      | Noticed a moth of wrath
  4033 | D:3      | Found a bloodstained altar of Trog.
  4379 | D:4      | Reached ** piety under Zin
  4455 | D:4      | Found the +7 Throatcutter {drain, coup de grace}
  4491 | D:4      | Reached skill level 5 in Armour
  4491 | D:4      | Reached XP level 6. HP: 27/56 MP: 5/5
  4720 | D:4      | Noticed Edmund
  4822 | D:3      | Killed Edmund
  4822 | D:3      | Killed by an exploding Edmund... ignited by their inner
                  | flame

Illustrated notes

Levels and vault maps discovered:
D:1:      ldierk_walled_garden_2, layout_loops_cross,
          hellmonk_ecumenical_altar_dog_temple, kennysheep_pointless_box
D:2:      layout_basic, basic_altar, minmay_misc_feat_nine_boxes,
          chequers_serial_rivers_micro_e, nrook_mini_vaults, uniq_robin
D:3:      layout_basic, tgw_trog
D:4:      layout_basic, nicolae_dithmenos_through_a_glass_darkly, serial_undead,
          serial_undead_e, serial_undead_d, serial_undead_f, serial_undead_b,
          serial_undead_e, serial_undead_d, serial_undead_f, serial_undead_e,
          dilly_guarded_unrand_throatcut, uniq_edmund

Skill      XL: |  1  2  3  4  5 |
---------------+----------------+-----
Fighting       | 4 5 |  5.9
Armour         | 4 5 |  5.5
Shields        | 4 |  4.0
Long Blades    | 3 4 |  4.9
Throwing       | 1 2 |  2.9

Action                   |  1- 3 |  4- 6 || total
-------------------------+-------+-------++-------
Melee: Long sword        |   109 |   138 ||   247
       Headbutt          |    14 |    25 ||    39
Throw: Javelin           |     3 |     3 ||     6
  Use: Scroll            |     5 |     7 ||    12
Armor: Scale mail        |    21 |       ||    21
       Plate armour      |    44 |    88 ||   132
Dodge: Dodged            |    61 |    24 ||    85
Block: Buckler           |    27 |    28 ||    55
